 Dungeon Crawl Stone Soup version 0.31-a0-165-g3f4f80340b (webtiles) character file.

Game seed: 7246818260890058611

4958 qw the Skirmisher (level 10, -13/64 HPs)
             Began as a Gargoyle Hunter on June 13, 2023.
             Was a Believer of Okawaru.
             Mangled by a death yak (17 damage)
             ... on level 8 of the Dungeon.
             The game lasted 00:02:57 (5956 turns).

qw the Skirmisher (Gargoyle Hunter)                 Turns: 5956, Time: 00:02:58

Health: -13/64     AC: 17    Str: 14    XL:     10   Next: 53%
Magic:  12/13      EV: 28    Int: 14    God:    Okawaru [**....]
Gold:   568        SH:  5    Dex: 28    Spells: 9/9 levels left

rFire   . . .        Y - +2 shortbow (freeze)
rCold   . . .        (shield currently unavailable)
rNeg    + + .        m - +0 robe of Zealous Music {Dex+8}
rPois   inf          j - +2 hat
rElec   +            r - +1 cloak
rCorr   .            f - +2 pair of gloves
SInv    .            (no boots)
Will    .....        n - amulet of reflection
Stlth   ++++         t - ring of Neev {rN+ Int+3 Dex+3}
HPRegen 0.30/turn    i - +5 ring of evasion
MPRegen 0.13/turn

%: reflection
@: about to teleport, heroic
A: sickness immunity, AC +7, negative energy resistance 1, electricity
resistance, torment resistance 1, petrification resistance
a: Renounce Religion, Heroism


You were on level 8 of the Dungeon.
You worshipped Okawaru.
Okawaru was pleased with you.
You visited 2 branches of the dungeon, and saw 9 of its levels.
You also visited: Ossuary.

You collected 620 gold pieces.
You spent 52 gold pieces at shops.


Innate Abilities, Weirdness & Mutations

You are immune to sickness and miasma.
Your stone body is resilient. (AC +7)
You are immune to poison.
You resist negative energy. (rN+)
You are resistant to electric shocks. (rElec)
You are resistant to unholy torment.
You are immune to petrification.


   Skills:
 - Level 8.1(13.1) Fighting
 + Level 11.6(16.6) Ranged Weapons
 - Level 1.4(6.4) Armour
 - Level 5.7(10.7) Dodging
 - Level 1.1(6.1) Stealth
 - Level 4.0 Invocations


You had 9 spell levels left.
You didn't know any spells.
Your spell library was empty.

Inventory:

Hand Weapons
 Y - a +2 shortbow of freezing (weapon)
Armour
 c - a +1 ring mail of cold resistance
 f - a +2 pair of gloves (worn)
 j - a +2 hat (worn)
 m - the +0 robe of Zealous Music (worn) {Dex+8}
   (You found it on level 5 of the Dungeon)

   Dex:       It affects your dexterity (+8).
 r - a +1 cloak (worn)
Jewellery
 a - a ring of fire
 e - a ring of fire
 i - a +5 ring of evasion (right hand)
 n - an amulet of reflection (around neck)
 p - a ring of resist corrosion
 t - the ring of Neev (left hand) {rN+ Int+3 Dex+3}
   (You found it on level 7 of the Dungeon)

   [ring of positive energy]

   Int:       It affects your intelligence (+3).
   Dex:       It affects your dexterity (+3).
   rN:        It protects you from negative energy.
Scrolls
 o - a scroll of identify
 q - 3 scrolls of teleportation
Potions
 b - a potion of might
 d - a potion of magic {unknown}
 h - a potion of cancellation {unknown}
 k - a potion of mutation {unknown}
 l - a potion of brilliance {unknown}

Dungeon Overview and Level Annotations

Branches:
Dungeon (8/15)             Temple (1/1) D:5         Ossuary (visited)
   Lair: D:8-11

Altars:
Ashenzari
Cheibriados
Dithmenos
Elyvilon
Fedhas
Gozag
Hepliaklqana
Kikubaaqudgha
Makhleb
Nemelex Xobeh
Okawaru
Qazlal
Ru
Sif Muna
Trog
Uskayaw
Wu Jian
Xom
Yredelemnul
Zin
The Shining One

Shops:
D:3 [   D:5 *

Annotations:
D:6 2 transporters, qw's ghost, novice NaHu


Message History

You shoot an arrow. The arrow hits the death yak!
The arrow freezes the death yak.
The death yak is moderately wounded.
The centaur closely misses you. You block the centaur's attack.
The death yak completely misses you. x3
You shoot an arrow. The arrow hits the death yak!
The arrow freezes the death yak.
The death yak is heavily wounded.
The centaur hits you but does no damage.
The centaur kicks you but does no damage.
The death yak gores you! You block the death yak's attack.
The death yak gores you but does no damage.
You shoot an arrow. The arrow barely misses the death yak.
The arrow hits the death yak but does no damage.
The centaur misses you. You block the centaur's attack.
The centaur completely misses you. x2
You shoot an arrow. The arrow hits the death yak!
The arrow freezes the death yak.
The death yak is severely wounded.
The death yak closely misses you. The death yak completely misses you.
The death yak gores you.
You shoot an arrow. The arrow hits the death yak!
The arrow freezes the death yak.
The death yak is almost dead.
The death yak completely misses you. The death yak gores you!
The death yak gores you.
5954 ||| READING 4 scrolls of teleportation.
As you read the scroll of teleportation, it crumbles to dust.
You feel strangely unstable. The death yak gores you!
You block the death yak's attack. The death yak completely misses you.
The death yak misses you.
You shoot an arrow. The arrow hits the death yak.
The arrow freezes the death yak.
The death yak is almost dead.
You shoot an arrow.
The arrow hits the death yak but does no damage.
The death yak is almost dead.
The death yak gores you but does no damage.
The death yak gores you!
You die...

#..........#.....................
#..........#.....................
..<..).....#.....................
...........#.....................
....##.....#.....##'######'####..
....# ######.....#...#........#..
#+### #.....#...#........#..
#...Y.#...#......>.#..
#...Y@#...#........#..
#...YY##+######'##.#.. #....c.
.........#####
#.....................
+....<..............#+
....#.###............#. .......
..........###. #......
..........'... ##+#####..###.


You could see 4 death yaks and a centaur.

Vanquished Creatures
  3 death yaks (D:8)
  4 yaks (D:6)
  Sigmund (D:3)
  Eustachio (D:4)
  A water moccasin (D:6)
  2 sky beasts
  2 ice beasts
  A black bear (D:7)
  2 ogres
  A centaur (D:8)
  A phantom (D:4)
  An elf zombie (Ossuary)
  2 bullfrogs (D:7)
  3 scorpions
  3 killer bees (D:8)
  2 human zombies (Ossuary)
  3 hounds
  5 orc priests
  A gnoll bouda (D:7)
  4 jellies
  A sleepcap (D:8)
  3 iguanas
  5 orc wizards
  2 mummies (Ossuary)
  Robin (D:3)
  5 gnolls (D:7)
  5 adders
  2 white imps
  An ufetubus (D:6)
  4 worms (D:2)
  2 dart slugs
  23 orcs
  4 ball pythons
  3 endoplasms
  3 giant cockroaches
  5 gnoll zombies (Ossuary)
  14 goblins
  9 hobgoblins
  2 jackals (D:4)
  3 quokkas
  8 bats
  3 goblin zombies (Ossuary)
  A hobgoblin zombie (Ossuary)
  13 kobolds
  2 orc zombies (Ossuary)
  5 rats
172 creatures vanquished.

Vanquished Creatures (others)
  A kobold brigand (D:7)
1 creature vanquished.

Grand Total: 173 creatures vanquished

Notes
Turn   | Place    | Note
-------+----------+-------------------------------------------
     0 | D:1      | qw the Gargoyle Hunter began the quest for the Orb.
     0 | D:1      | Reached XP level 1. HP: 12/12 MP: 1/1
     0 | D:1      | 0 ||| qw: Version: 0.2-a-29-gc1b59c4
     0 | D:1      | 0 ||| qw: Game counter: 4791
     0 | D:1      | 0 ||| qw: Always use a shield: true
     0 | D:1      | 0 ||| qw: God list: Okawaru
     0 | D:1      | 0 ||| qw: Allow faded altars: false
     0 | D:1      | 0 ||| qw: Do Orc after D:15 true
     0 | D:1      | 0 ||| qw: Do second Lair branch before Depths: true
     0 | D:1      | 0 ||| qw: Lair rune preference: random
     0 | D:1      | 0 ||| qw: Plans: Normal, Zot:1-4, Slime:5, God:TSO, Crypt,
                  | Tomb, Abyss, Pan, Hells, Win
     0 | D:1      | 0 ||| PLANNING D:1-11
   129 | D:1      | Reached XP level 2. HP: 17/17 MP: 2/2
   190 | D:1      | Found a faded altar of an unknown god.
   479 | D:1      | Reached XP level 3. HP: 21/21 MP: 3/3
   545 | D:1      | Reached skill level 5 in Ranged Weapons
   800 | D:1      | 800 ||| UPGRADING to +0 pair of gloves.
   805 | D:1      | 805 ||| UPGRADING to +2 hat.
   810 | D:1      | 810 ||| UPGRADING to amulet of reflection.
   815 | D:1      | 815 ||| UPGRADING to ring of resist corrosion.
   816 | D:1      | 816 ||| READING scroll labelled YSMEN LIXA.
   817 | D:1      | 817 ||| READING scroll labelled CAAMELUNOA.
   831 | D:1      | 831 ||| READING scroll labelled ACEGUZ AFUZ.
   832 | D:1      | 832 ||| READING 4 scrolls labelled RUHEDE DIAMO.
   833 | D:1      | 833 ||| READING 3 scrolls of enchant armour.
   833 | D:1      | 833 ||| ENCHANTING +0 pair of gloves.
   834 | D:1      | 834 ||| READING 2 scrolls of enchant armour.
   834 | D:1      | 834 ||| ENCHANTING +1 pair of gloves.
   835 | D:1      | 835 ||| READING scroll labelled VOT PETOMOFFA.
   836 | D:1      | 836 ||| DROPPING scroll of butterflies.
   921 | D:2      | Found a snail-covered altar of Cheibriados.
   994 | D:2      | Reached skill level 3 in Fighting
  1006 | D:2      | Reached XP level 4. HP: 28/28 MP: 4/4
  1370 | D:3      | Found Jorecy's Armour Boutique.
  1376 | D:3      | Noticed Sigmund
  1392 | D:3      | Killed Sigmund
  1393 | D:3      | Reached skill level 6 in Ranged Weapons
  1393 | D:3      | Reached XP level 5. HP: 13/32 MP: 5/5
  1469 | D:3      | 1469 ||| BUYING +0 ring mail (52 gold).
  1469 | D:3      | Bought a +0 ring mail for 52 gold pieces
  1469 | D:3      | 1469 ||| SHOPLISTING +1 pair of boots "Tongeta" {Int+3}
                  | (296 gold, have 79).
  1495 | D:3      | Reached XP level 6. HP: 35/37 MP: 6/6
  1527 | D:3      | Reached skill level 1 in Armour
  1668 | D:3      | Noticed Robin
  1669 | D:3      | 1669 ||| Stepping ~*~*~tactically~*~*~ (outnumbered).
  1671 | D:3      | 1671 ||| Stepping ~*~*~tactically~*~*~ (outnumbered).
  1683 | D:3      | Killed Robin
  2094 | D:3      | 2094 ||| UPGRADING to +0 ring mail.
  2104 | D:3      | 2104 ||| DROPPING +0 leather armour.
  2105 | D:3      | 2105 ||| UPGRADING to +2 robe of the Archmagi.
  2115 | D:3      | 2115 ||| DROPPING +0 ring mail.
  2116 | D:3      | 2116 ||| READING scroll labelled SAUNET JICYZ.
  2117 | D:3      | 2117 ||| READING scroll labelled LOMUTA QUMI.
  2213 | D:4      | Reached skill level 7 in Ranged Weapons
  2366 | D:4      | Reached XP level 7. HP: 43/43 MP: 7/7
  2485 | D:4      | Noticed Eustachio
  2501 | D:4      | Killed Eustachio
  2603 | D:4      | Reached skill level 8 in Ranged Weapons
  2604 | D:4      | Found a shimmering blue altar of Sif Muna.
  2610 | D:4      | Found an opulent altar of Gozag.
  2615 | D:4      | Found a bloodstained altar of Trog.
  2675 | D:4      | 2675 ||| READING scroll of brand weapon.
  2675 | D:4      | 2675 ||| BRANDING +0 shortbow of draining.
  2676 | D:4      | 2676 ||| DROPPING +0 sling.
  3146 | D:4      | 3146 ||| UPGRADING to +0 cloak.
  3151 | D:4      | 3151 ||| READING scroll of enchant armour.
  3151 | D:4      | 3151 ||| ENCHANTING +0 cloak.
  3152 | D:4      | 3152 ||| READING 3 scrolls labelled EGOYNN NARGH.
  3153 | D:4      | 3153 ||| READING 3 scrolls labelled VUPSESY LUITHO.
  3154 | D:4      | 3154 ||| READING 2 scrolls labelled XUSEUV OQOVIVI.
  3157 | D:4      | 3157 ||| DRINKING 2 sedimented emerald potions.
  3158 | D:4      | 3158 ||| DRINKING 2 silvery potions.
  3159 | D:4      | 3159 ||| READING 2 scrolls of identify.
  3159 | D:4      | 3159 ||| IDENTIFYING fizzy red potion
  3160 | D:4      | 3160 ||| DROPPING potion of degeneration.
  3161 | D:4      | 3161 ||| DROPPING potion of berserk rage.
  3162 | D:4      | 3162 ||| DROPPING 2 scrolls of amnesia.
  3219 | D:5      | Entered Level 5 of the Dungeon
  3227 | D:5      | 3227 ||| STAIRDANCE
  3285 | D:5      | 3285 ||| STAIRDANCE
  3293 | D:4      | Reached XP level 8. HP: 44/48 MP: 8/8
  3309 | D:5      | Found a staircase to the Ecumenical Temple.
  3310 | D:5      | 3310 ||| PLANNING TEMPLE
  3318 | Temple   | Entered the Ecumenical Temple
  3480 | Temple   | 3480 ||| PLANNING OKAWARU WORSHIP
  3551 | Temple   | Became a worshipper of Warmaster Okawaru
  3551 | Temple   | 3551 ||| PLANNING D:1-11
  3782 | D:5      | Found Hoiroqeh's Overcharged Wands.
  3791 | D:5      | 3791 ||| SHOPLISTING wand of digging (11) (693 gold, have
                  | 139).
  3810 | D:5      | Identified the +6 hand axe of Law {freeze, Dex+3}
  3847 | D:5      | Found a blossoming altar of Fedhas.
  3884 | D:5      | Identified the +0 robe of Zealous Music {Dex+8}
  3942 | D:5      | 3942 ||| FLEEEEING.
  3943 | D:5      | 3943 ||| FLEEEEING.
  3944 | D:5      | 3944 ||| FLEEEEING.
  3945 | D:5      | 3945 ||| FLEEEEING.
  3946 | D:5      | 3946 ||| FLEEEEING.
  3947 | D:5      | 3947 ||| FLEEEEING.
  3948 | D:5      | 3948 ||| FLEEEEING.
  3949 | D:5      | 3949 ||| FLEEEEING.
  3950 | D:5      | 3950 ||| FLEEEEING.
  3951 | D:5      | 3951 ||| FLEEEEING.
  3952 | D:5      | 3952 ||| STAIRDANCE
  4030 | D:4      | 4030 ||| UPGRADING to +0 robe of Zealous Music {Dex+8}.
  4040 | D:4      | 4040 ||| DROPPING +2 robe of the Archmagi.
  4041 | D:4      | 4041 ||| DROPPING amulet of magic regeneration.
  4047 | D:5      | Reached skill level 9 in Ranged Weapons
  4047 | D:5      | 4047 ||| STAIRDANCE
  4266 | D:5      | Found an ornate altar of the Wu Jian Council.
  4277 | D:5      | 4277 ||| READING scroll labelled BICHUD ODELYI.
  4391 | D:6      | Found a transporter.
  4394 | D:6      | 4394 ||| UPGRADING to +5 ring of evasion.
  4400 | D:6      | Reached skill level 3 in Dodging
  4489 | D:6      | Noticed qw's ghost (novice NaHu)
  4492 | D:6      | Found a transporter.
  4738 | D:6      | Reached * piety under Okawaru
  4739 | D:6      | Reached skill level 6 in Fighting
  4778 | D:6      | Noticed a yak
  4780 | D:6      | Noticed a yak
  4781 | D:6      | Noticed a yak
  4782 | D:6      | Noticed a yak
  4786 | D:6      | Killed a yak
  4787 | D:6      | Reached skill level 1 in Invocations
  4791 | D:6      | Killed a yak
  4803 | D:6      | Killed a yak
  4803 | D:6      | Reached ** piety under Okawaru
  4804 | D:6      | Reached skill level 3 in Invocations
  4804 | D:6      | Reached XP level 9. HP: 39/55 MP: 9/11
  4808 | D:6      | 4808 ||| INVOKING Heroism.
  4878 | D:6      | Reached skill level 10 in Ranged Weapons
  4886 | D:6      | 4886 ||| READING 2 scrolls of identify.
  4886 | D:6      | 4886 ||| IDENTIFYING fizzy orange potion
  4894 | D:7      | 4894 ||| INVOKING Heroism.
  4924 | D:7      | 4924 ||| INVOKING Heroism.
  4978 | D:7      | 4978 ||| INVOKING Heroism.
  5018 | D:7      | Identified the ring of Neev {rN+ Int+3 Dex+3}
  5039 | D:7      | 5039 ||| Stepping ~*~*~tactically~*~*~ (outnumbered).
  5088 | D:7      | 5088 ||| Stepping ~*~*~tactically~*~*~ (outnumbered).
  5157 | D:7      | 5157 ||| INVOKING Heroism.
  5184 | D:7      | 5184 ||| DRINKING potion of curing.
  5184 | D:7      | 5184 ||| (to cure confusion)
  5404 | D:7      | 5404 ||| UPGRADING to ring of Neev {rN+ Int+3 Dex+3}.
  5406 | D:7      | 5406 ||| READING scroll labelled MUTROA GOENTIL.
  5407 | D:7      | 5407 ||| READING scroll labelled ROG ECIWNO.
  5419 | D:8      | 5419 ||| PLANNING OSSUARY
  5422 | D:8      | 5422 ||| READING scroll of enchant weapon.
  5422 | D:8      | 5422 ||| ENCHANTING +1 shortbow of freezing.
  5596 | D:8      | Found a snail-covered altar of Cheibriados.
  5618 | D:8      | Reached skill level 11 in Ranged Weapons
  5639 | D:8      | Found a sand-covered staircase.
  5645 | Ossuary  | Entered an ossuary
  5697 | Ossuary  | 5697 ||| INVOKING Heroism.
  5798 | Ossuary  | Reached XP level 10. HP: 63/63 MP: 13/13
  5880 | D:8      | 5880 ||| PLANNING D:1-11
  5914 | D:8      | Noticed a death yak
  5915 | D:8      | 5915 ||| INVOKING Heroism.
  5916 | D:8      | Noticed a death yak
  5918 | D:8      | Noticed a death yak
  5918 | D:8      | Noticed a death yak
  5918 | D:8      | Noticed a death yak
  5924 | D:8      | Killed a death yak
  5928 | D:8      | Noticed a death yak
  5929 | D:8      | Noticed a death yak
  5933 | D:8      | Killed a death yak
  5938 | D:8      | 5938 ||| INVOKING Heroism.
  5946 | D:8      | Killed a death yak
  5953 | D:8      | HP: 15/64 [death yak (3)]
  5954 | D:8      | 5954 ||| READING 4 scrolls of teleportation.
  5954 | D:8      | HP: 4/64 [death yak (12)]
  5956 | D:8      | Mangled by a death yak

Levels and vault maps discovered:
D:1:      amcnicky_arrival_double_pillar, layout_loops_ring,
          hellmonk_ecumenical_altar_zigzags
D:2:      minmay_evil_eye, layout_rooms, basic_altar
D:3:      layout_basic, serial_shops, shop, uniq_robin, uniq_sigmund
D:4:      layout_basic, minmay_overflow_temple_star_quad, minmay_hedge_maze,
          uniq_eustachio
D:5:      layout_cave_pools, nicolae_wu_jian_immortal_techniques,
          fedhas_altar_4, minmay_temple_entry_stoned_glass,
          nicolae_shop_overcharged_wands
D:6:      layout_basic, gammafunk_ghost_arena
D:7:      layout_rooms
D:8:      layout_gridville, general_overflow_altar, dpeg_lair_monsters,
          nicolae_ossuary_entry_plus, amcnicky_mini_corridor_feature, uniq_pikel
Temple:   regret_index_temple_generic_petals

Skill      XL: |  1  2  3  4  5  6  7  8  9 10 |
---------------+-------------------------------+-----
Ranged Weapons | 5 6 7 8 9 11 | 11.6
Fighting       | 3 4 6 7 8 |  8.1
Armour         | 1 |  1.4
Dodging        | 2 3 4 5 |  5.7
Invocations    | 3 4 |  4.0
Stealth        | |  1.1

Action                     |  1- 3 |  4- 6 |  7- 9 | 10-12 || total
---------------------------+-------+-------+-------+-------++-------
   Fire: Shortbow          |   133 |   134 |   426 |    49 ||   742
 Invoke: Heroism           |       |       |     6 |     2 ||     8
    Use: Scroll            |     7 |     2 |    11 |     1 ||    21
         Potion            |       |       |     3 |       ||     3
 Armour: Leather armour    |    28 |    16 |       |       ||    44
         Robe              |       |     6 |    81 |    10 ||    97
  Dodge: Dodged            |    40 |    26 |   192 |    60 ||   318
  Block: Other             |     1 |    12 |    51 |    13 ||    77
         Reflection        |       |       |     3 |     1 ||     4

Table legend:
 A = Non-vault XP
 B = Vault XP
 C = Vault XP percentage of total XP
 D = Non-vault monster count
 E = Vault monster count
 F = Vault count percentage of total count
                 A         B        C        D         E       F
            +---------+---------+-------+---------+---------+-------
      Total |    3974 |    3110 |  43.9 |     141 |      32 |  18.5
            +---------+---------+-------+---------+---------+-------
        D:1 |      44 |       0 |   0.0 |      27 |       0 |   0.0
        D:2 |      42 |      10 |  19.2 |      12 |       4 |  25.0
        D:3 |      73 |     240 |  76.7 |      13 |       8 |  38.1
        D:4 |     605 |     197 |  24.6 |      24 |       1 |   4.0
        D:5 |     361 |       0 |   0.0 |      13 |       0 |   0.0
        D:6 |    1274 |       0 |   0.0 |      15 |       0 |   0.0
        D:7 |    1111 |       0 |   0.0 |      31 |       0 |   0.0
        D:8 |     464 |    2425 |  83.9 |       6 |       3 |  33.3
    Ossuary |       0 |     238 | 100.0 |       0 |      16 | 100.0
            +---------+---------+-------+---------+---------+-------
